 Dungeon Sprint DCSS version 0.16-a0-1183-g5b05a17 (webtiles) character file.

2490 Ololoev the Conjurer (level 9, -11/45 HPs)
             Began as a Deep Elf Fire Elementalist on Oct 10, 2014.
             Was a Believer of Vehumet.
             Mangled by a deep troll (14 damage)
             ... in the Dungeon (Sprint I: "Red Sonja").
             The game lasted 00:06:40 (900 turns).

Ololoev the Conjurer (Deep Elf Fire Elementalist)    Turns: 900, Time: 00:06:41

Health: -11/45     AC:  4    Str:  5    XL:     9   Next: 27%
Magic:  18/32      EV: 13    Int: 24    God:    Vehumet [**....]
Gold:   249        SH:  0    Dex: 15    Spells: 4 memorised, 20 levels left

rFire  . . .     SeeInvis .     k - +3 scythe (flame)
rCold  . . .     Clarity  .     a - +2 robe
rNeg   . . .     SustAb   .     (no shield)
rPois  .         Gourm    .     (no helmet)
rElec  .         Spirit   .     (no cloak)
rCorr  .         Warding  .     (no gloves)
rMut   .         NoTele   +     (no boots)
MR     .....                    (no amulet)
Stlth  ++........               (no ring)
                                (no ring)

@: not resistant to hostile enchantments, unstealthy
A: no striking features
a: Renounce Religion


You were in the Dungeon.
You worshipped Vehumet.
Vehumet was pleased with you.
You were not hungry.

You visited 1 branch You collected 543 gold pieces.
You spent 294 gold pieces at shops.

Inventory:

Hand weapons
 k - a +3 scythe of flaming (weapon)
Armour
 a - a +2 robe (worn)
Magical devices
 j - a wand of digging (13)
Comestibles
 c - 2 bread rations
 f - 5 rotting chunks of centaur flesh
Scrolls
 i - 2 scrolls of blinking
 n - a scroll of identify
Potions
 d - a potion of curing
 g - 2 potions of magic
 h - a potion of berserk rage
Books
 b - a book of Flames

   Spells                             Type                      Level
   *Flame Tongue                      Conjuration/Fire             1
   Throw Flame                        Conjuration/Fire             2
   *Conjure Flame                     Conjuration/Fire             3
   Inner Flame                        Hexes/Fire                   3
   *Sticky Flame                      Conjuration/Fire             4
   *Fireball                          Conjuration/Fire             5


   Skills:
 - Level 2.4 Dodging
 - Level 2.4 Stealth
 + Level 12.7 Spellcasting
 * Level 14.4 Conjurations
 * Level 14.2 Fire Magic


You had 20 spell levels left.
You knew the following spells:

 Your Spells              Type           Power        Failure   Level  Hunger
a - Flame Tongue          Conj/Fire      #####        0%          1    None
b - Conjure Flame         Conj/Fire      ######..     1%          3    None
c - Sticky Flame          Conj/Fire      ######..     1%          4    None
d - Fireball              Conj/Fire      ######....   1%          5    ##.....


Dungeon Overview and Level Annotations

Branches:
Dungeon (1/1)

Altars:
Cheibriados
Dithmenos
Elyvilon
Fedhas
Gozag
Kikubaaqudgha
Makhleb
Nemelex Xobeh
Okawaru
Qazlal
Sif Muna
Trog
Vehumet
Xom
Yredelemnul
Zin
The Shining One
Jiyva

Shops:
D ?


Message History

The deep troll is covered in liquid flames!
The flames covering the deep troll go out.
The deep troll stops burning.
The deep troll bites you but does no damage.
The deep troll barely misses you. The deep troll claws you!
Casting: Sticky Flame
Confirm with . or Enter, or press ? or * to list all spells.
Aiming: Sticky Flame
Press: ? - help, Shift-Dir - straight line, f/p - deep troll
Aim: a deep troll (steam, heavily wounded)
The sticky flame hits the deep troll.
The deep troll is severely wounded.
The deep troll is covered in liquid flames!
The flames covering the deep troll go out.
The deep troll stops burning.
The deep troll bites you!!
* * * LOW HITPOINT WARNING * * *
The deep troll claws you.
* * * LOW HITPOINT WARNING * * *
The deep troll claws you!
You die...

##########################
#<.#..)..#..'..#__#..))..#
#..'..#..'[.#..'..'..#...#
#..#####'#####'#__####...+
#..####..#...#(####§§#####
#..#__####..##(#§§§.§#..#
#..#_..._##'#.§@§§≈§.%..#
#⌠⌠#_.∩...'..._#T§§§§#..#
####_..._##_.#'##'#####+#
#_____###+#.#.)((# #######
####§### $.$ #####


You could see a deep troll.

Vanquished Creatures
  2 centaur warriors (D)
  2 kobold demonologists (D)
  A slime creature (D)
  A yak (D)
  A yellow wasp (D)
  An ogre (D)
  Sigmund (D)
  A jelly (D)
  Ijyb (D)
  A giant eyeball (D)
12 creatures vanquished.

Vanquished Creatures (others)
  A gargoyle (D)
1 creature vanquished.

Grand Total: 13 creatures vanquished

Notes
Turn   | Place    | Note
--------------------------------------------------------------
     0 | D        | Ololoev, the Deep Elf Fire Elementalist, began the quest for the Orb.
     0 | D        | Reached XP level 1. HP: 10/10 MP: 5/5
     1 | D        | Noticed Ijyb
    17 | D        | Killed Ijyb
    17 | D        | Reached skill level 4 in Spellcasting
    17 | D        | Reached XP level 2. HP: 9/15 MP: 0/10
    77 | D        | Killed a gargoyle
   137 | D        | Noticed an ogre
   144 | D        | Killed an ogre
   144 | D        | Reached skill level 6 in Spellcasting
   144 | D        | Reached XP level 3. HP: 19/19 MP: 5/16
   144 | D        | Reached XP level 4. HP: 24/24 MP: 5/18
   149 | D        | Learned a level 3 spell: Conjure Flame
   154 | D        | Learned a level 4 spell: Sticky Flame
   233 | D        | Noticed Sigmund
   241 | D        | Killed Sigmund
   241 | D        | Reached skill level 7 in Spellcasting
   241 | D        | Reached skill level 8 in Conjurations
   241 | D        | Reached XP level 5. HP: 28/28 MP: 15/21
   266 | D        | Found a deep blue altar of Sif Muna.
   267 | D        | Noticed a jelly
   268 | D        | Found a radiant altar of Vehumet.
   271 | D        | Killed a jelly
   293 | D        | Became a worshipper of Vehumet
   295 | D        | Found Quoschac's Magic Scroll Emporium.
   295 | D        | Found a white marble altar of Elyvilon.
   295 | D        | Found a stormy altar of Qazlal.
   295 | D        | Found a burning altar of Makhleb.
   295 | D        | Found a basalt altar of Yredelemnul.
   295 | D        | Found a glowing golden altar of the Shining One.
   295 | D        | Found a sparkling altar of Nemelex Xobeh.
   295 | D        | Found a shimmering altar of Xom.
   295 | D        | Found an opulent altar of Gozag.
   295 | D        | Found an ancient bone altar of Kikubaaqudgha.
   295 | D        | Found a glowing silver altar of Zin.
   295 | D        | Noticed a yak
   298 | D        | Killed a yak
   298 | D        | Reached skill level 9 in Conjurations
   298 | D        | Reached XP level 6. HP: 32/32 MP: 14/25
   305 | D        | Learned a level 5 spell: Fireball
   314 | D        | Found an iron altar of Okawaru.
   320 | D        | Found a bloodstained altar of Trog.
   324 | D        | Bought a scroll of identify for 24 gold pieces
   324 | D        | Bought a scroll of enchant weapon for 90 gold pieces
   324 | D        | Bought a scroll of blinking for 90 gold pieces
   324 | D        | Bought a scroll of enchant armour for 90 gold pieces
   345 | D        | Found a snail-covered altar of Cheibriados.
   345 | D        | Found a viscous altar of Jiyva.
   345 | D        | Found a shadowy altar of Dithmenos.
   345 | D        | Found a blossoming altar of Fedhas.
   345 | D        | Noticed a slime creature
   350 | D        | Killed a slime creature
   350 | D        | Reached skill level 10 in Conjurations
   350 | D        | Reached skill level 10 in Fire Magic
   350 | D        | Reached XP level 7. HP: 16/36 MP: 18/27
   530 | D        | Noticed a kobold demonologist
   531 | D        | Noticed a kobold demonologist
   531 | D        | Acquired Vehumet's first power
   531 | D        | Offered knowledge of Freeze by Vehumet.
   532 | D        | Killed a kobold demonologist
   532 | D        | Reached skill level 10 in Spellcasting
   532 | D        | Reached skill level 11 in Conjurations
   533 | D        | Killed a kobold demonologist
   533 | D        | Reached skill level 12 in Conjurations
   533 | D        | Reached XP level 8. HP: 41/41 MP: 16/29
   604 | D        | Noticed a centaur warrior
   618 | D        | Noticed a centaur warrior
   620 | D        | Killed a centaur warrior
   620 | D        | Reached skill level 13 in Conjurations
   632 | D        | Killed a centaur warrior
   632 | D        | Reached skill level 14 in Conjurations
   632 | D        | Reached XP level 9. HP: 28/45 MP: 9/32
   753 | D        | Noticed a yellow wasp
   756 | D        | Killed a yellow wasp
   756 | D        | Offered knowledge of Searing Ray by Vehumet.
   893 | D        | Noticed a deep troll
   900 | D        | Mangled by a deep troll

Action                   |  1- 3 |  4- 6 |  7- 9 || total
-------------------------+-------+-------+-------++-------
Melee: Unarmed           |     5 |       |       ||     5
       Scythe            |       |     1 |       ||     1
 Cast: Flame Tongue      |    10 |     6 |     4 ||    20
       Sticky Flame      |       |     3 |     6 ||     9
       Conjure Flame     |       |     2 |     1 ||     3
       Fireball          |       |       |     6 ||     6
  Use: Scroll            |       |     2 |     1 ||     3
       Potion            |       |       |     2 ||     2
  Eat: Chunk             |       |       |     1 ||     1
